AoeStats
← ihate

Arabia

510541097Analyzed
1v1 RM · 9h ago on Oct 1, 2026· 27m 17s· 2 players
Game mode
Random Map
Map size
Tiny (2 player)
Population
200
Speed
Normal
Resources
Standard
Victory
Conquest
Starting age
Dark Age
Ending age
Imperial Age
RankedLock teamsTeams togetherTeam positionsShared explorationLock speedFull tech treeHidden civsTurbo modeCheats
Victory
Defeat
🇩🇪 Saxons · Germany
1111
+14
🇮🇪 Japanese · Ireland
1067
-14
King of Killester
8:02 Loom
10:31 Feudal Age
24:16 Castle Age
22:28 Horse Collar
22:34 Double-Bit Axe
24:32 Fletching
25:17 Padded Archer Armor
ihate
12:07 Feudal Age
10:23 Loom
14:28 Double-Bit Axe
14:25 Horse Collar
22:11 Castle Age
21:01 Fletching
25:24 Heavy Plow
28:01 Bow Saw
Connection lost

Rejoining the realm…

Still unreachable

The connection could not be restored.

Session expired

The server has moved on; the page needs a fresh start.